 Dungeon Crawl Stone Soup version 0.31.0-11-ge490571c62 (webtiles) character file.

Game seed: 13742717857788511805

46828 sanka the Brawler (level 14, -5/144 (146) HPs)
             Began as a Troll Monk on Jan 31, 2024.
             Was the Champion of Ru.
             Slain by a spark wasp (16 damage)
             ... on level 15 of the Dungeon.
             The game lasted 00:26:46 (13389 turns).

sanka the Brawler (Troll Monk)                     Turns: 13389, Time: 00:26:46

HP:   -5/144 (146)  AC:  9    Str: 22    XL:     14   Next: 6%
MP:   13/13         EV: 16    Int:  6    God:    Ru [******]
Gold: 663           SH:  0    Dex: 22    Spells: 13/13 levels left

rFire   + .          .
                       - Unarmed
rCold   + . .        (shield unavailable)
rNeg    . . .        C - +2 robe {rC+ rF+}
rPois   .            (helmet restricted)
rElec   .            p - +2 cloak
rCorr   .            (gloves unavailable)
SInv    .            (boots unavailable)
Will    +....        z - amulet of regeneration
Stlth   ++           (ring unavailable)
HPRegen 2.04/turn    k - +6 ring of dexterity
MPRegen 0.13/turn

%: no passive effects
@: lightly drained
A: large, unfitting armour, claws 3, regeneration 1, shaggy fur 1, tough skin 1,
missing a hand, inability to use devices, inability to train armour
a: Renounce Religion, Draw Out Power, Power Leap, Apocalypse


You were on level 15 of the Dungeon.
You worshipped Ru.
Ru was exalted by your worship.
You visited 3 branches of the dungeon, and saw 17 of its levels.
You visited the Abyss 1 time.

You collected 859 gold pieces.
You spent 196 gold pieces at shops.


Innate Abilities, Weirdness & Mutations

You are too large for most types of armour.
You have claws for hands.
Your natural rate of healing is unusually fast.
You are covered in fur. (AC +1)
You have tough skin. (AC +1)
You are missing a hand.
You cannot study or use magical devices.
You cannot train Armour skill.


   Skills:
 + Level 11.4 Fighting
 + Level 8.5 Dodging
 * Level 16.4 Unarmed Combat
 + Level 8.8 Shapeshifting


You had 13 spell levels left.
You didn't know any spells.
Your spell library contained the following spells:

 Spells                   Type           Power      Damage    Failure   Level
 Apportation              Tloc           0%         N/A       45%         1
 Necrotise                Necr           0%         1d4       45%         1
 Sting                    Conj/Alch      0%         1d3       45%         1
 Summon Small Mammal      Summ           0%         N/A       45%         1
 Call Imp                 Summ           0%         N/A       58%         2
 Sublimation of Blood     Necr           0%         N/A       58%         2
 Dazzling Flash           Conj/Hex       0%         N/A       83%         3
 Fugue of the Fallen      Necr           0%         N/A       83%         3
 Inner Flame              Hex/Fire       0%         N/A       83%         3
 Mephitic Cloud           Conj/Alch/Air  0%         N/A       83%         3
 Ozocubu's Armour         Ice            0%         N/A       83%         3
 Ignite Poison            Fire/Alch      0%         N/A       99%         4
 Manifold Assault         Tloc           0%         N/A       99%         4
 Sticky Flame             Fire/Alch      0%         2d4       99%         4
 Curse of Agony           Necr           0%         N/A       100%        5
 Irradiate                Conj/Alch      0%         3d11      100%        5
 Silence                  Hex/Air        0%         N/A       100%        5
 Summon Hydra             Summ           0%         N/A       100%        7
 Ignition                 Fire           0%         3d3       100%        8
 Chain Lightning          Conj/Air       0%         N/A       100%        9
 Fire Storm               Conj/Fire      0%         5d1       100%        9
 Shatter                  Erth           0%         3d5*      100%        9

Inventory:

Hand Weapons
 N - the +5 whip "Zasoriom" {vamp, rElec Int+2}

   Int+2:     It affects your intelligence (+2).
   rElec:     It insulates you from electricity.
Missiles
 m - 23 large rocks {=f}
 u - 5 throwing nets {=f}
 K - a curare-tipped dart {=f}
Armour
 p - a +2 cloak (worn)
 C - a +2 robe of resistance (worn)
 L - +5 steam dragon scales
Jewellery
 i - a ring of poison resistance
 k - a +6 ring of dexterity (right claw)
 s - a ring of protection from fire
 z - an amulet of regeneration (around neck)
 A - a ring of positive energy
 M - a ring of protection from cold
Scrolls
 a - 2 scrolls of summoning
 c - a scroll of enchant armour
 e - a scroll of noise {!r}
 g - 5 scrolls of poison {!r}
 h - 2 scrolls of silence {!r}
 l - 10 scrolls of teleportation {@r4}
 v - 4 scrolls of blinking
 y - 2 scrolls of revelation {unknown}
 B - a scroll of identify {@r1}
 E - 3 scrolls of fog
 I - 3 scrolls of fear
 O - a scroll of vulnerability {!r}
Potions
 b - 2 potions of ambrosia
 d - 3 potions of brilliance {unknown}
 f - a potion of resistance {unknown}
 j - 5 potions of attraction {unknown}
 n - 5 potions of haste {unknown}
 o - 7 potions of might
 q - 3 potions of heal wounds {unknown}
 r - 5 potions of curing {@q1}
 t - 2 potions of cancellation {unknown}
 w - a potion of mutation {unknown}
 x - 2 potions of invisibility {unknown}
 D - a potion of berserk rage {unknown}
 F - 2 potions of enlightenment {unknown}
 H - 3 potions of degeneration {unknown}

Dungeon Overview and Level Annotations

Branches:
Dungeon (15/15)            Temple (1/1) D:7            Lair (0/5) D:11
    Orc (0/2) D:10         Vaults (0/5) D:13         Depths (1/4) D:15

Altars:
Ashenzari
Cheibriados
Dithmenos
Elyvilon
Fedhas
Gozag
Hepliaklqana
Kikubaaqudgha
Makhleb
Nemelex Xobeh
Okawaru
Qazlal
Ru
Sif Muna
Trog
Uskayaw
Vehumet
Wu Jian
Xom
Yredelemnul
Zin
The Shining One

Shops:
D:10 (*?[(

Annotations:
D:10 exclusion: downstairs
D:11 exclusion: downstairs
D:13 exclusion: downstairs

▒)▒▒▒▒▒.▒..........▒▒▒▒▒)▒...
▒▒▒▒▒......................▒.▒.▒▒
.......[.....P...8...▒.........▒.
........▒.▒.......8........▒.▒▒▒.
........▒....P..........▒▒▒▒.....
.......▒▒..P8.8[..8...8..........
.......▒▒..............▒▒▒▒▒.▒▒▒.
.......▒▒......y.................
.......▒▒.....88T.......▒▒▒▒.▒▒▒.
.......▒▒...88...P..8..........▒.
.......▒▒.8P.8..8...8........▒.▒.
▒▒▒................P.....).▒.▒.▒.
▒..▒▒▒............8......▒...▒.
▒▒▒....▒...8P.....8P..▒..▒▒▒.▒▒▒.
..▒.▒▒.▒...▒..8......▒▒....▒.▒▒▒.
▒.▒.▒▒.▒.▒.▒▒▒.▒......▒.▒▒.▒.....
▒.▒....▒.......▒......▒.▒▒...).▒▒


You could see a spark wasp (blind, unable to see you).


Message History

You claw the spark wasp!
The spark wasp is almost dead.
You redirect the spark wasp's attack!
You redirect the spark wasp's attack!
The spark wasp closely misses itself.
The helpless spark wasp fails to defend itself.
You claw the spark wasp!
You kill the spark wasp!
The spark wasp stings you!!
* * * LOW HITPOINT WARNING * * *
The spark wasp shocks you!
* * * LOW HITPOINT WARNING * * *
Unknown command.
You scratch the spark wasp.
The spark wasp is heavily wounded.
You redirect the spark wasp's attack!
The spark wasp stings itself!!
Unknown command.
You scratch the spark wasp but do no damage.
The spark wasp is almost dead.
The spark wasp is stunned by your conviction and fails to attack.
The spark wasp misses you.
Unknown command.
You strike the helpless spark wasp from behind!
You claw the spark wasp!
The spark wasp is almost dead.
The spark wasp stings you.
* * * LOW HITPOINT WARNING * * *
The spark wasp shocks you!
You die...

Action                     |  1- 3 |  4- 6 |  7- 9 | 10-12 | 13-15 || total
---------------------------+-------+-------+-------+-------+-------++-------
  Melee: Unarmed           |    84 |    90 |   231 |   485 |   304 ||  1194
 Invoke: Sacrifice Durabil |       |       |     1 |       |       ||     1
         Sacrifice a Hand  |       |       |       |     1 |       ||     1
         Sacrifice Artific |       |       |       |     1 |       ||     1
         Apocalypse        |       |       |       |       |     1 ||     1
    Use: Potion            |       |       |       |     3 |       ||     3
         Scroll            |       |       |       |    17 |       ||    17
   Stab: Sleeping          |     1 |       |       |     3 |     1 ||     5
         Paralysed         |       |       |       |     5 |    13 ||    18
         Invisible         |       |       |       |     6 |     4 ||    10
         Distracted        |       |       |       |     2 |     3 ||     5
 Armour: Robe              |    47 |    44 |   153 |    43 |     7 ||   294
         Steam dragon scal |       |       |       |   294 |   152 ||   446
  Dodge: Dodged            |    38 |    50 |   111 |   292 |   116 ||   607

Levels and vault maps discovered:
D:1:      sevenhm_arrival_forest_fort_small_6, layout_basic,
          corexii_hall_statues_u
D:2:      wad_crossroads, layout_basic, hellmonk_ecumenical_altar_blasted,
          roderic_lattice_a, reono_crystal_passage, minmay_circled_x
D:3:      layout_basic
D:4:      minmay_recursive_quarters, layout_cave_pools, chequers_avenue
D:5:      layout_basic, lightli_minifort, uniq_duvessa
D:6:      nicolae_cairo_tiling_large_dashed, layout_basic
D:7:      layout_loops_cross, nzn_wu_jian_contemplation,
          minmay_overflow_temple_star_hex, nicolae_overflow_squiral,
          minmay_temple_entry_proselytizer, uniq_crazy_yiuf_cottage
D:8:      layout_cave_pools, kennysheep_small_square, uniq_jeremiah
D:9:      layout_irregular_city, gammafunk_ghost_cemetery,
          hangedman_decor_points
D:10:     layout_irregular_city, orc_0_dummy, serial_shops,
          nicolae_shop_tiny_glass, shop, shop, nicolae_shop_tiny_glass, shop,
          uniq_amaemon
D:11:     layout_long_grid, lair_entry_dummy
D:12:     layout_loops_corners, lemuel_flamethrower_3
D:13:     layout_roguey, erik_vaults_1, chequers_serial_rivers_small_3,
          minmay_hidden_floor, uniq_josephine
D:14:     layout_small_grid, old_standard_altar
D:15:     gammafunk_depths_entry_grave, layout_basic, minmay_misc_feat_tower
Temple:   nicolae_temple_great_sept
Depths:1: regret_index_dithmenos_brocken_genspenst, layout_long_grid,
          hell_entry, minivault_16, nzn_hepliaklqana_mist_gate

Notes
Turn   | Place    | Note
-------+----------+-------------------------------------------
     0 | D:1      | sanka the Troll Monk began the quest for the Orb.
     0 | D:1      | Reached XP level 1. HP: 22/22 MP: 0/0
     1 | D:1      | Found a radiant altar of Vehumet.
   147 | D:1      | Reached XP level 2. HP: 29/29 MP: 1/1
   881 | D:2      | Reached skill level 3 in Fighting
   884 | D:2      | Reached XP level 3. HP: 37/37 MP: 2/2
   907 | D:2      | Found a faded altar of an unknown god.
  1081 | D:2      | Reached skill level 4 in Unarmed Combat
  1507 | D:2      | Reached XP level 4. HP: 44/44 MP: 3/3
  2075 | D:3      | Reached skill level 5 in Unarmed Combat
  2350 | D:4      | Noticed a bullfrog
  2355 | D:4      | Killed a bullfrog
  2356 | D:4      | Reached XP level 5. HP: 51/53 MP: 4/4
  2383 | D:4      | Reached skill level 6 in Unarmed Combat
  2455 | D:4      | Noticed an ogre
  2456 | D:4      | Reached XP level 6. HP: 61/61 MP: 5/5
  2513 | D:4      | Reached skill level 7 in Unarmed Combat
  2947 | D:5      | Entered Level 5 of the Dungeon
  2951 | D:5      | Reached XP level 7. HP: 67/67 MP: 6/6
  3216 | D:5      | Reached skill level 8 in Unarmed Combat
  3697 | D:5      | Reached skill level 9 in Unarmed Combat
  3983 | D:6      | Reached XP level 8. HP: 65/75 MP: 7/7
  4081 | D:6      | Reached skill level 10 in Unarmed Combat
  4604 | D:6      | Reached skill level 4 in Fighting
  4793 | D:7      | Reached skill level 5 in Fighting
  4836 | D:7      | Found an ornate altar of the Wu Jian Council.
  4917 | D:7      | Reached skill level 6 in Fighting
  4964 | D:7      | Found a bloodstained altar of Trog.
  5010 | D:7      | Reached XP level 9. HP: 87/92 MP: 8/8
  5026 | D:7      | Found a glowing golden altar of the Shining One.
  5116 | D:7      | Found a staircase to the Ecumenical Temple.
  5126 | Temple   | Entered the Ecumenical Temple
  5136 | Temple   | Became a worshipper of Ru the Awakened
  5146 | Temple   | Gained mutation: You cannot train Armour skill. [Ru
                  | sacrifice]
  5146 | Temple   | Reached * piety under Ru
  5304 | D:7      | Reached skill level 7 in Fighting
  5332 | D:7      | Found an iron altar of Okawaru.
  5343 | D:7      | Found a white marble altar of Elyvilon.
  5343 | D:7      | Found a burning altar of Makhleb.
  5356 | D:7      | Found a broken altar of Ashenzari.
  5359 | D:7      | Found a shadowy altar of Dithmenos.
  5577 | D:7      | Found a runed translucent door.
  5578 | D:7      | Noticed Crazy Yiuf
  5582 | D:7      | Killed Crazy Yiuf
  5658 | D:8      | Reached skill level 8 in Fighting
  5784 | D:8      | Reached skill level 1 in Shapeshifting
  5792 | D:8      | Reached skill level 3 in Dodging
  5915 | D:8      | Noticed Jeremiah
  5928 | D:8      | Reached skill level 2 in Shapeshifting
  5970 | D:8      | Killed Jeremiah
  5971 | D:8      | Reached XP level 10. HP: 76/105 MP: 9/9
  6275 | D:9      | Identified the +1 trident "Pyuxeaff" {elec, rElec rPois
                  | rN+}
  6317 | D:9      | Reached skill level 11 in Unarmed Combat
  6534 | D:9      | Identified +0 steam dragon scales
  6535 | D:9      | Reached skill level 3 in Shapeshifting
  6873 | D:9      | Reached skill level 4 in Dodging
  6916 | D:9      | Found a runed translucent gate.
  6916 | D:9      | Found a runed translucent gate.
  6916 | D:9      | Found a runed translucent gate.
  6918 | D:9      | Noticed Killmatronix's ghost (novice SpBe)
  6918 | D:9      | Noticed t4s4d4r's ghost (novice DjEE)
  6919 | D:9      | Noticed Discosetron's ghost (journeyman DjFE)
  6949 | D:9      | Gained mutation: You are missing a hand. [Ru sacrifice]
  6949 | D:9      | Reached ** piety under Ru
  6949 | D:9      | Reached *** piety under Ru
  6949 | D:9      | Reached **** piety under Ru
  7100 | D:9      | Killed t4s4d4r's ghost
  7133 | D:7      | Killed Killmatronix's ghost
  7158 | D:7      | Killed Discosetron's ghost
  7159 | D:7      | Reached skill level 4 in Shapeshifting
  7222 | D:9      | Identified the amulet of Miracles {Spirit Dex+2}
  7258 | D:10     | Entered Level 10 of the Dungeon
  7262 | D:10     | Reached skill level 9 in Fighting
  7262 | D:10     | Reached skill level 12 in Unarmed Combat
  7275 | D:10     | Found Henuumna's Antique Weapon Emporium.
  7311 | D:10     | Found Jeofalenakh's Antique Armour Emporium.
  7388 | D:10     | Found Vicukumy's Magic Scroll Boutique.
  7429 | D:10     | Reached XP level 11. HP: 111/115 MP: 10/10
  7680 | D:10     | Reached skill level 5 in Dodging
  7681 | D:10     | Identified the +5 whip "Zasoriom" {vamp, rElec Int+2}
  7689 | D:10     | Found Plog's Weapon Shop.
  7704 | D:10     | Found Doeptimu's General Store.
  7716 | D:10     | Noticed Amaemon
  7749 | D:10     | HP: 10/115 [Amaemon/+0 demon whip of venom (5)]
  7753 | D:10     | Killed Amaemon
  7877 | D:10     | Found a staircase to the Orcish Mines.
  8101 | D:10     | Bought a scroll of identify for 28 gold pieces
  8101 | D:10     | Bought a scroll of fog for 56 gold pieces
  8101 | D:10     | Bought a scroll of fear for 56 gold pieces
  8101 | D:10     | Bought a scroll of vulnerability for 56 gold pieces
  8238 | D:11     | Found a staircase to the Lair.
  8458 | D:11     | Noticed a boulder beetle
  8480 | D:11     | Killed a boulder beetle
  8481 | D:11     | Reached skill level 5 in Shapeshifting
  8529 | D:11     | Noticed a two-headed ogre
  8547 | D:11     | Killed a two-headed ogre
  8608 | D:11     | Reached skill level 13 in Unarmed Combat
  8885 | D:12     | Noticed a boulder beetle
  8909 | D:12     | Killed a boulder beetle
  8965 | D:12     | Gained mutation: You cannot study or use magical devices.
                  | [Ru sacrifice]
  8965 | D:12     | Reached ***** piety under Ru
  8965 | D:12     | Reached ****** piety under Ru
  9297 | D:12     | Reached skill level 6 in Dodging
  9398 | D:12     | Noticed a deep elf pyromancer
  9413 | D:12     | Killed a deep elf pyromancer
  9613 | D:12     | Reached XP level 12. HP: 126/126 MP: 11/11
  9885 | D:13     | Noticed a centaur warrior
  9896 | D:13     | Killed a centaur warrior
  9897 | D:13     | Reached skill level 6 in Shapeshifting
  9979 | D:13     | Identified a +2 robe of resistance
  9979 | D:13     | Noticed Josephine
  9998 | D:13     | Killed Josephine
  9999 | D:13     | Reached skill level 10 in Fighting
 10048 | D:13     | Noticed a centaur warrior
 10054 | D:13     | Reached skill level 14 in Unarmed Combat
 10070 | D:13     | Killed a centaur warrior
 10110 | D:13     | Noticed a centaur warrior
 10123 | D:13     | Killed a centaur warrior
 10126 | D:13     | Found a gate to the Vaults.
 10173 | D:13     | Noticed a tengu warrior
 10186 | D:13     | Killed a tengu warrior
 10294 | D:13     | Noticed a centaur warrior
 10304 | D:13     | Killed a centaur warrior
 10397 | D:13     | Noticed a two-headed ogre
 10412 | D:13     | Killed a two-headed ogre
 10413 | D:13     | Reached skill level 7 in Dodging
 10413 | D:13     | Reached skill level 7 in Shapeshifting
 10505 | D:13     | Noticed a centaur warrior
 10506 | D:13     | Found a runed translucent door.
 10506 | D:13     | Noticed a storm dragon
 10506 | D:13     | Noticed a tengu reaver
 10514 | D:13     | Killed a centaur warrior
 10558 | D:13     | Noticed a tengu warrior
 10583 | D:13     | Killed a tengu warrior
 10684 | D:13     | Noticed a two-headed ogre
 10685 | D:13     | a two-headed ogre changed into a wind drake
 10920 | D:14     | Found a basalt altar of Yredelemnul.
 11060 | D:13     | Noticed an ettin
 11076 | D:13     | Noticed an ettin
 11076 | D:13     | an ettin changed into a sun moth
 11205 | D:14     | Reached skill level 15 in Unarmed Combat
 11205 | D:14     | Reached XP level 13. HP: 135/135 MP: 12/12
 11684 | D:15     | Entered Level 15 of the Dungeon
 11887 | D:15     | Found a staircase to the Depths.
 12115 | D:15     | Reached skill level 8 in Shapeshifting
 12406 | D:15     | Reached skill level 11 in Fighting
 12406 | D:15     | Reached skill level 8 in Dodging
 12473 | Abyss:2  | Cast into level 2 of the Abyss (an occultist)
 12569 | Abyss:2  | Noticed a tentacled starspawn
 12585 | Abyss:2  | Killed a tentacled starspawn
 12613 | Abyss:2  | Reached skill level 16 in Unarmed Combat
 12691 | Abyss:2  | Noticed a tentacled starspawn
 12717 | Abyss:2  | Killed a tentacled starspawn
 12733 | D:15     | Escaped the Abyss
 13155 | D:13     | Killed a tengu reaver
 13158 | D:13     | Killed a storm dragon
 13159 | D:13     | Reached XP level 14. HP: 95/139 MP: 4/13
 13367 | Depths:1 | Entered Level 1 of the Depths
 13386 | D:15     | HP: 9/141 [spark wasp (15)]
 13389 | D:15     | Slain by a spark wasp

Vanquished Creatures
  2 tentacled starspawn (Abyss:2)
  A tengu reaver (D:13)
  A storm dragon (D:13)
  A spark wasp (D:15)
  Josephine (D:13)
  The ghost of Discosetron the Peltast, a journeyman DjFE of Makhleb (D:7)
  2 catoblepae
  The ghost of t4s4d4r the Thaumaturge, a novice DjEE of the Shining One (D:9)
  A dancing weapon (D:13)
  2 two-headed ogres
  7 centaur warriors
  2 tengu warriors (D:13)
  4 boulder beetles
  A vampire mage (D:15)
  An occultist (D:15)
  A demonic crawler (Abyss:2)
  A soul eater (Abyss:2)
  Amaemon (D:10)
  A fire crab (shapeshifter) (D:13)
  The ghost of Killmatronix the Nimble, a novice SpBe of Trog (D:7)
  2 skeletal warriors (D:15)
  A spark wasp zombie (D:15)
  2 arcanists (D:13)
  A necromancer (D:15)
  An anaconda skeleton (Abyss:2)
  4 deep elf pyromancers
  5 cyclopes
  7 ugly things
  A manticore (D:12)
  3 meliai
  An orange demon (D:10)
  A smoke demon (Abyss:2)
  Jeremiah (D:8)
  2 large abominations (Abyss:2)
  4 gargoyles
  A komodo dragon (D:12)
  An ancient zyme (Abyss:2)
  A tengu conjurer (D:13)
  3 trolls (D:13)
  2 hornets
  2 raiju (Abyss:2)
  A spriggan zombie (D:15)
  A centaur simulacrum (D:15)
  A small abomination (Abyss:2)
  8 slime creatures (D:15)
  A shadow (D:10)
  A spriggan skeleton (D:15)
  8 wraiths
  2 wyverns
  10 yaks
  A hog (shapeshifter) (D:15)
  A neqoxec (Abyss:2)
  2 vampire mosquitoes (D:14)
  2 steam dragons
  2 acid dragons
  3 water moccasins
  2 ice beasts
  2 orc warriors
  2 black bears
  A sky beast (D:7)
  A laughing skull (D:13)
  2 ogres
  6 centaurs
  2 kobold brigands (D:8)
  5 bullfrogs
  2 gnoll sergeants
  2 scorpions (D:6)
  4 wights (D:8)
  18 killer bees
  3 howler monkeys
  2 electric eels (D:7)
  2 bombardier beetles
  9 orc priests
  A hound (D:5)
  2 jellies
  Crazy Yiuf (D:7)
  3 iguanas
  14 orc wizards
  11 gnolls
  10 adders
  A shadow imp (D:5)
  2 white imps
  4 ufetubi (D:6)
  2 dart slugs (D:2)
  2 ribbon worms
  26 orcs
  4 bats
  6 endoplasms
  4 giant cockroaches
  8 hobgoblins
  7 jackals (D:2)
  7 quokkas
  10 ball pythons
  4 frilled lizards
  8 goblins
  12 kobolds
  7 rats
344 creatures vanquished.

Vanquished Creatures (others)
  A dancing weapon (D:13)
  A raiju (Abyss:2)
  4 starspawn tentacles (Abyss:2)
6 creatures vanquished.

Grand Total: 350 creatures vanquished
